 Dungeon Crawl Stone Soup version 0.29-a0-340-g6efceafd81 (webtiles) character file.

Game seed: 9594282174754861317

103 thiscave3701365 the Chopper (level 4, -3/61 HPs)
             Began as a Gnoll Berserker on Apr 19, 2022.
             Was a Believer of Trog.
             Slain by Menkaure (14 damage)
             ... on level 4 of the Dungeon.
             The game lasted 00:03:27 (3026 turns).

thiscave3701365 the Chopper (Gnoll Berserker)       Turns: 3026, Time: 00:03:27

Health: -3/61      AC: 10    Str: 18    XL:     4   Next: 79%
Magic:  5/5        EV:  4    Int:  7    God:    Trog [**....]
Gold:   93         SH: 10    Dex: 11    Spells: 5/5 levels left

rFire   . . .      SeeInvis +   o - +1 long sword of Skirmishing {vorpal, SInv}
rCold   . . .      Faith    .   b - +0 tower shield
rNeg    . . .      Spirit   .   l - +0 chain mail
rPois   .          Reflect  .   (no helmet)
rElec   .          Harm     .   t - +0 cloak
rCorr   .          Rampage  .   (no gloves)
Will    .....                   (no boots)
Stlth   ..........              (no amulet)
HPRegen 0.20/turn               (no ring)
MPRegen 0.09/turn               (no ring)

@: berserking (expiring), very quick
A: fangs 1, strong nose, distributed training
a: Renounce Religion, Berserk, Trog's Hand


You were on level 4 of the Dungeon.
You worshipped Trog.
Trog was pleased with you.
You visited 1 branch of the dungeon, and saw 4 of its levels.

You collected 196 gold pieces.
You spent 103 gold pieces at shops.

Inventory:

Hand Weapons
 a - a +0 hand axe
 o - the +1 long sword of Skirmishing (weapon) {vorpal, SInv}
   (You found it on level 3 of the Dungeon)

   It inflicts extra damage upon your enemies.
   SInv:      It lets you see invisible.
Armour
 b - a +0 tower shield (worn)
 l - a +0 chain mail (worn)
 t - a +0 cloak (worn)
Jewellery
 c - a ring of ice
Scrolls
 d - 3 scrolls of fear {unknown}
 f - 2 scrolls of silence {unknown}
 m - a scroll of summoning {unknown}
 n - 2 scrolls of identify {unknown}
 p - a scroll of torment {unknown}
 q - 2 scrolls of blinking {unknown}
 r - a scroll of vulnerability {unknown}
Potions
 e - 2 potions of curing {unknown}
 g - a potion of attraction {unknown}
 h - 2 potions of heal wounds {unknown}
 i - 2 potions of resistance {unknown}
 j - a potion of brilliance {unknown}
 k - a potion of cancellation {unknown}
 s - a potion of ambrosia {unknown}


   Skills:
 + Level 6.6 Fighting
 + Level 1.2 Short Blades
 + Level 1.2 Long Blades
 + Level 6.6 Axes
 + Level 1.2 Maces & Flails
 + Level 1.2 Polearms
 + Level 1.2 Staves
 + Level 1.2 Slings
 + Level 1.2 Bows
 + Level 1.2 Crossbows
 + Level 1.2 Throwing
 + Level 4.7 Armour
 + Level 4.7 Dodging
 + Level 1.2 Stealth
 + Level 1.2 Shields
 + Level 1.2 Unarmed Combat
 + Level 1.2 Spellcasting
 + Level 1.0 Conjurations
 + Level 1.0 Hexes
 + Level 1.0 Summonings
 + Level 1.0 Necromancy
 + Level 1.0 Translocations
 + Level 1.0 Transmutations
 + Level 1.0 Fire Magic
 + Level 1.0 Ice Magic
 + Level 1.0 Air Magic
 + Level 1.0 Earth Magic
 + Level 1.0 Poison Magic
 + Level 1.3 Invocations
 + Level 1.2 Evocations


You had 5 spell levels left.
You didn't know any spells.
Your spell library was empty.

Dungeon Overview and Level Annotations

Branches:
Dungeon (4/15)
 Temple: D:4-7

Altars:
Sif Muna

Shops:
D:2 [

Annotations:
D:4 Menkaure


Innate Abilities, Weirdness & Mutations

You have very sharp teeth.
Your uncanny sense of smell can sniff out nearby items.
Your experience applies equally to all skills.


Message History

A goblin is nearby!
Found 2 javelins.
Unknown command.
A goblin is nearby!
Menkaure, Prince of Dust comes into view.
Found a fizzy emerald potion.
There are monsters nearby!
The goblin hits you but does no damage.
Unknown command.
There are monsters nearby!
You hit the goblin.
You kill the goblin!
Trog accepts your kill.
Menkaure calls on the powers of darkness!
Your body is wracked with pain!
Menkaure is nearby!
Menkaure calls on the powers of darkness!
Your body is wracked with pain!
* * * LOW HITPOINT WARNING * * *
Unknown command.
Menkaure is nearby!
You are too injured to fight recklessly!
You are too injured to fight recklessly!
You are too injured to fight recklessly!
Unknown command.
You are too injured to fight recklessly!
A red film seems to cover your vision as you go berserk!
You feel yourself moving faster!
You feel mighty! Menkaure casts a spell at you. Pain shoots through your body!
* * * LOW HITPOINT WARNING * * *
You feel a strong urge to attack something.
You slash Menkaure!
Menkaure is heavily damaged.
You block Menkaure's attack.
You slash Menkaure!
Menkaure is almost destroyed.
Menkaure mumbles, "Let me perform the rites..."
Menkaure hits you!
You die...

#.....####
####........
#.....(....
##.##..!..#
......)...#
#?...#.#####.#
#.............
#.##...#.####..
#.....@.<#
#.####M### #
#.# #.# ..# ∆
..# ∆ .## #.


You could see Menkaure.

Vanquished Creatures
  4 adders
  A worm (D:2)
  A dart slug (D:1)
  6 ball pythons
  4 bats
  An endoplasm (D:3)
  4 giant cockroaches
  7 goblins
  6 hobgoblins
  10 jackals
  A quokka (D:2)
  6 frilled lizards
  2 kobolds (D:2)
  8 rats
61 creatures vanquished.

Vanquished Creatures (others)
  2 plants (D:2)
2 creatures vanquished.

Grand Total: 63 creatures vanquished

Notes
Turn   | Place    | Note
-------+----------+-------------------------------------------
     0 | D:1      | thiscave3701365 the Gnoll Berserker began the quest for the
                  | Orb.
     0 | D:1      | Reached XP level 1. HP: 23/23 MP: 1/1
   159 | D:1      | Found a faded altar of an unknown god.
   175 | D:1      | Reached XP level 2. HP: 25/29 MP: 2/2
   624 | D:1      | Reached XP level 3. HP: 35/35 MP: 3/3
   996 | D:2      | Reached ** piety under Trog
  1223 | D:2      | Reached skill level 1 in Invocations
  1285 | D:2      | Found Necko's Antique Armour Shop.
  1634 | D:2      | Reached skill level 1 in Short Blades
  1634 | D:2      | Reached skill level 1 in Long Blades
  1634 | D:2      | Reached skill level 1 in Maces & Flails
  1634 | D:2      | Reached skill level 1 in Polearms
  1634 | D:2      | Reached skill level 1 in Staves
  1634 | D:2      | Reached skill level 1 in Slings
  1634 | D:2      | Reached skill level 1 in Bows
  1634 | D:2      | Reached skill level 1 in Crossbows
  1634 | D:2      | Reached skill level 1 in Throwing
  1634 | D:2      | Reached skill level 1 in Stealth
  1634 | D:2      | Reached skill level 1 in Shields
  1634 | D:2      | Reached skill level 1 in Unarmed Combat
  1634 | D:2      | Reached skill level 1 in Spellcasting
  1634 | D:2      | Reached skill level 1 in Evocations
  1738 | D:2      | Reached XP level 4. HP: 27/41 MP: 5/5
  2365 | D:3      | Reached skill level 1 in Conjurations
  2365 | D:3      | Reached skill level 1 in Hexes
  2365 | D:3      | Reached skill level 1 in Summonings
  2365 | D:3      | Reached skill level 1 in Necromancy
  2365 | D:3      | Reached skill level 1 in Translocations
  2365 | D:3      | Reached skill level 1 in Transmutations
  2365 | D:3      | Reached skill level 1 in Fire Magic
  2365 | D:3      | Reached skill level 1 in Ice Magic
  2365 | D:3      | Reached skill level 1 in Air Magic
  2365 | D:3      | Reached skill level 1 in Earth Magic
  2365 | D:3      | Reached skill level 1 in Poison Magic
  2368 | D:3      | Identified the +1 long sword of Skirmishing {vorpal, SInv}
  2476 | D:3      | Found a shimmering blue altar of Sif Muna.
  2980 | D:2      | Bought a tower shield for 103 gold pieces
  3018 | D:4      | Noticed Menkaure
  3026 | D:4      | Slain by Menkaure

Illustrated notes

Levels and vault maps discovered:
D:1:      wander_arrival_peaceful_grave, layout_basic, basic_ecumenical_altar
D:2:      layout_basic, serial_shops, nicolae_shop_overgrown_old_shop
D:3:      layout_loops_ring, nicolae_sif_muna_condensation
D:4:      layout_loops_ring, minmay_temple_entry_gardened_gates,
          grunt_ministairs_9, minmay_misc_feat_more_columns, minmay_cut_off,
          uniq_menkaure, uniq_blork_the_orc

Skill      XL: |  1  2  3  4 |
---------------+-------------+-----
Invocations    | 1 |  1.3
Short Blades   | 1 |  1.2
Long Blades    | 1 |  1.2
Maces & Flails | 1 |  1.2
Polearms       | 1 |  1.2
Staves         | 1 |  1.2
Slings         | 1 |  1.2
Bows           | 1 |  1.2
Crossbows      | 1 |  1.2
Throwing       | 1 |  1.2
Stealth        | 1 |  1.2
Shields        | 1 |  1.2
Unarmed Combat | 1 |  1.2
Spellcasting   | 1 |  1.2
Evocations     | 1 |  1.2
Conjurations   | 1 |  1.0
Hexes          | 1 |  1.0
Summonings     | 1 |  1.0
Necromancy     | 1 |  1.0
Translocations | 1 |  1.0
Transmutations | 1 |  1.0
Fire Magic     | 1 |  1.0
Ice Magic      | 1 |  1.0
Air Magic      | 1 |  1.0
Earth Magic    | 1 |  1.0
Poison Magic   | 1 |  1.0
Fighting       | |  6.6
Axes           | |  6.6
Armour         | |  4.7
Dodging        | |  4.7

Action                   |  1- 3 |  4- 6 || total
-------------------------+-------+-------++-------
Melee: Hand axe          |   106 |    34 ||   140
       Bite              |     7 |     2 ||     9
       Punch             |     1 |       ||     1
       Long sword        |       |    23 ||    23
Invok: Berserk           |       |     2 ||     2
 Stab: Sleeping          |     6 |       ||     6
Armor: Animal skin       |    18 |     8 ||    26
       Chain mail        |       |    38 ||    38
Dodge: Dodged            |    63 |    38 ||   101
Block: Tower shield      |       |     1 ||     1

Table legend: (Time is in decaauts)
 A = Elapsed time spent in this place.
 B = Non-inter-level travel time spent in this place.
 C = Inter-level travel time spent in this place.
 D = Time resting spent in this place.
 E = Time spent auto-exploring this place.
 F = Levels seen in this place.
 G = Mean time per level.
                   A        B        C        D        E       F      G
               +--------+--------+--------+--------+--------+-----+--------+
         Total |   3040 |   2807 |    233 |    174 |   2230 |   4 |  760.0 |
       Dungeon |   3040 |   2807 |    233 |    174 |   2230 |   4 |  760.0 |
               +--------+--------+--------+--------+--------+-----+--------+

Top non-repeatable levels by time:
     D:2: 1391 daAuts
     D:1: 865 daAuts
     D:3: 772 daAuts
     D:4: 10 daAuts
